 Dungeon Crawl Stone Soup version 0.30-a0-457-g4b7bca3bfa (webtiles) character file.

Game seed: 15731943438533997205

3728 Angani the Fey Draconian (level 9, -8/79 HPs)
             Began as a Grey Draconian Reaver on Dec 12, 2022.
             Was an Initiate of Yredelemnul.
             Killed by an exploding wolf (18 damage)
             ... ignited by their inner flame
             ... on level 9 of the Dungeon.
             The game lasted 00:33:31 (8075 turns).

Angani the Fey Draconian (Grey Draconian Reaver)    Turns: 8075, Time: 00:33:32

Health: -8/79      AC: 17    Str: 16    XL:     9   Next: 92%
Magic:  17/18      EV: 12    Int: 15    God:    Yredelemnul [......]
Gold:   200        SH:  0    Dex: 11    Spells: 11/12 levels left

rFire   + . .      SeeInvis .    a - -1 demon whip
rCold   . . .      Faith    .    (no shield)
rNeg    . . .      Spirit   .    (body armour unavailable)
rPois   +          Reflect  .    r - +2 hat
rElec   .          Harm     .    d - +2 cloak
rCorr   .          Rampage  .    (no gloves)
Will    .....                    (no boots)
Stlth   +.........               u - amulet of regeneration
HPRegen 1.13/turn                o - ring of protection from fire
MPRegen 0.16/turn                v - ring of poison resistance

@: mighty, flying
A: AC +12, amphibious, unfitting armour, cold-blooded
a: Renounce Religion, Recall Undead Harvest


You were on level 9 of the Dungeon.
You worshipped Yredelemnul.
Yredelemnul was pleased with you.
You visited 1 branch of the dungeon, and saw 9 of its levels.

You collected 463 gold pieces.
You spent 263 gold pieces at shops.

Inventory:

Hand Weapons
 a - a -1 demon whip (weapon)
Missiles
 b - 41 poisoned darts (quivered)
 y - 2 throwing nets
Armour
 d - a +2 cloak (worn)
 r - a +2 hat (worn)
Jewellery
 o - a ring of protection from fire (left hand)
 u - an amulet of regeneration (around neck)
 v - a ring of poison resistance (right hand)
Wands
 t - a wand of flame (15)
Scrolls
 c - 2 scrolls of immolation
 e - 2 scrolls of enchant armour
 g - 3 scrolls of teleportation
 i - 2 scrolls of fear
 j - 6 scrolls of identify
 l - a scroll of poison
 n - a scroll of fog {unknown}
 p - a scroll of amnesia {unknown}
 s - 2 scrolls of noise
Potions
 h - 2 potions of curing
 m - a potion of heal wounds {unknown}
 q - a potion of berserk rage {unknown}
 w - a potion of ambrosia {unknown}
 x - 2 potions of mutation {unknown}
 z - a potion of degeneration {unknown}
 A - a potion of lignification {unknown}


   Skills:
 - Level 7.6 Fighting
 - Level 5.3(5.8) Axes
 - Level 3.2(4.7) Maces & Flails
 - Level 1.7 Dodging
 - Level 2.0 Spellcasting
 - Level 3.0 Conjurations
 + Level 12.2 Invocations


You had 11 spell levels left.
You knew the following spells:

 Your Spells              Type           Power      Damage    Failure   Level
a - Kiss of Death         Conj/Necr      24%        2d7       12%         1

Your spell library contained the following spells:

 Spells                   Type           Power      Damage    Failure   Level
 Momentum Strike          Conj/Tloc      12%        3d8       19%         2
 Apportation              Tloc           2%         N/A       22%         1
 Sublimation of Blood     Necr           1%         N/A       32%         2
 Wereblood                Tmut           1%         N/A       32%         2
 Hailstorm                Conj/Ice       6%         3d4       34%         3
 Inner Flame              Hex/Fire       1%         N/A       54%         3
 Flame Wave               Conj/Fire      6%         2d5       75%         4
 Sticky Flame             Conj/Fire      6%         2d3       75%         4
 Cause Fear               Hex            0%         N/A       91%         4
 Alistair's Intoxication  Tmut/Pois      0%         N/A       99%         5
 Conjure Ball Lightning   Conj/Air       3%         3x3d6     100%        6
 Summon Hydra             Summ           0%         N/A       100%        7
 Discord                  Hex            0%         N/A       100%        8
 Disjunction              Tloc           0%         N/A       100%        8


Dungeon Overview and Level Annotations

Branches:
Dungeon (9/15)             Temple (0/1) D:7
   Lair: D:8-11         Orc: D:9-12

Altars:
Makhleb
Nemelex Xobeh
Sif Muna
Vehumet
Wu Jian
Yredelemnul
The Shining One

Shops:
D:4 *[=   D:5 (*[[!

Annotations:
D:9 Grum


Innate Abilities, Weirdness & Mutations

Your dull iron-grey scales are very hard. (AC +12)
You are amphibious.
You cannot fit into any form of body armour.
You are cold-blooded and may be slowed by cold attacks.


Message History

Flame seeps out of the wolf.
The wolf looks even sicker.
The wolf is poisoned.
The gargoyle hits you with a +0 mace!
The wolf is engulfed in poison gas.
The wolf looks even sicker.
Flame seeps out of the wolf.
The wolf is engulfed in poison gas.
The wolf looks even sicker.
Flame seeps out of the wolf.
You whack the gargoyle!
Flame seeps out of the gargoyle.
The gargoyle is almost destroyed.
The wolf is engulfed in poison gas.
The wolf looks as sick as possible!
Flame seeps out of the wolf.
The wolf is engulfed in poison gas.
The wolf looks even sicker.
Flame seeps out of the wolf.
The gargoyle hits you but does no damage.
The wolf is engulfed in poison gas.
The wolf looks as sick as possible!
Flame seeps out of the wolf.
The wolf bites you but does no damage.
Unknown command.
You hit the gargoyle but do no damage.
Your tail-slap misses the gargoyle.
The gargoyle is almost destroyed.
Flame seeps out of the wolf. x2; The wolf is engulfed in poison gas.
The wolf looks as sick as possible!
Flame seeps out of the wolf.
Grum bares his teeth.
The wolf is engulfed in poison gas.
The wolf looks as sick as possible!
Flame seeps out of the wolf.
The wolf closely misses you.
The wolf is engulfed in poison gas.
The wolf looks as sick as possible!
A black mist starts to gather...
The wolf explodes!
The fiery explosion engulfs your spectral wolf!
Your spectral wolf is severely damaged.
The fiery explosion engulfs you!! You resist.
* * * LOW HITPOINT WARNING * * *
The fiery explosion engulfs the gargoyle!
The gargoyle explodes!
The fiery explosion engulfs the wolf!!
The fiery explosion engulfs the spectral wolf!
You destroy the spectral wolf!
That felt strangely unrewarding.
The fiery explosion engulfs you! You resist.
* * * LOW HITPOINT WARNING * * *
A black mist starts to gather...
The wolf explodes!
The fiery explosion engulfs you!! You resist.
You die...
Your body rises from the dead as a mindless zombie.

#######...........#.....#
#§.°..°§....+.....#
#°§gh.§.....##...#
#○°○☼§°.....##...#
#§○§§☼##.........#
#○○Z§§##.........#
#☼§§○○☼#.........+
##☼○§§°☼#....##...####
#§☼○○@☼##....##...##..
##☼§°○°########...#...
#.....##.........#...
#.................#...
#............#######..
#............##...####
#............'.....#..
#............#.....#..
........#.....'..


You could see Grum (ally target), a wolf (inner flame) and a friendly spectral
wolf.

Vanquished Creatures
  A gargoyle (D:9)
  A hornet (D:7)
  A wyvern (D:9)
  A steam dragon (D:6)
  An acid dragon (D:5)
  A water moccasin (D:6)
  A black bear (D:5)
  2 ice beasts (D:5)
  2 sky beasts
  An orc warrior (D:6)
  5 wolves (D:9)
  A kobold brigand (D:8)
  A spectral wyvern (D:9)
  A necrophage (D:4)
  2 scorpions
  13 wights
  2 spectral wolves (D:9)
  2 hounds
  2 gnoll boudas
  9 orc wizards
  18 gnolls
  5 adders
  2 ufetubi (D:6)
  2 worms (D:3)
  A dart slug (D:3)
  27 orcs
  4 bats
  7 endoplasms
  2 giant cockroaches (D:2)
  6 goblins
  8 hobgoblins
  3 jackals (D:1)
  22 kobolds
  4 quokkas
  4 ball pythons
  5 frilled lizards
  3 rats
173 creatures vanquished.

Vanquished Creatures (collateral kills)
  An ice beast (D:8)
  A kobold brigand (D:7)
  3 bullfrogs
  A gnoll sergeant (D:6)
  2 wights (D:7)
  An orc priest (D:6)
  An iguana (D:6)
  5 gnolls (D:6)
  A shadow imp (D:7)
  3 orcs
  A kobold (D:7)
20 creatures vanquished.

Vanquished Creatures (others)
  A water moccasin zombie (D:6)
  A kobold zombie (D:8)
  A spectral shadow imp (D:7)
  An orc (D:6)
  5 gnoll zombies
  An endoplasm zombie (D:4)
  10 orc zombies
  A spectral ufetubus (D:6)
21 creatures vanquished.

Grand Total: 214 creatures vanquished

Notes
Turn   | Place    | Note
-------+----------+-------------------------------------------
     0 | D:1      | Angani the Draconian Reaver began the quest for the Orb.
     0 | D:1      | Reached XP level 1. HP: 17/17 MP: 3/3
   130 | D:1      | Reached XP level 2. HP: 23/25 MP: 5/5
   466 | D:1      | Reached XP level 3. HP: 18/31 MP: 6/6
  1178 | D:2      | Reached XP level 4. HP: 40/40 MP: 7/7
  1522 | D:2      | Reached XP level 5. HP: 46/47 MP: 8/8
  2302 | D:3      | Found a burning altar of Makhleb.
  2311 | D:3      | Found an ornate altar of the Wu Jian Council.
  2745 | D:4      | Found a basalt altar of Yredelemnul.
  2750 | D:4      | Became a worshipper of Yredelemnul the Dark
  2786 | D:4      | Reached skill level 5 in Axes
  2898 | D:4      | Found a sparkling altar of Nemelex Xobeh.
  2935 | D:4      | Reached skill level 5 in Fighting
  2954 | D:4      | Reached XP level 6. HP: 43/56 MP: 9/9
  3019 | D:4      | Found Japse's Lightly-Used Armoury.
  3042 | D:4      | Found Gicafy's Antique Armour Shop.
  3045 | D:4      | Bought a -1 demon blade for 100 gold pieces
  3047 | D:4      | Bought a -3 demon whip for 1 gold piece
  3062 | D:4      | Reached * piety under Yredelemnul
  3186 | D:4      | Found a shimmering blue altar of Sif Muna.
  3245 | D:4      | Found Tasopp's One-of-a-Kind Rings.
  3459 | D:5      | Entered Level 5 of the Dungeon
  3508 | D:5      | Noticed an ice beast
  3513 | D:5      | Killed an ice beast
  3514 | D:5      | Reached skill level 1 in Maces & Flails
  3531 | D:5      | Found Nuserph's Antique Armour Shoppe.
  3533 | D:5      | Noticed an acid dragon
  3538 | D:5      | Killed an acid dragon
  3539 | D:5      | Your scales start taking on a dull iron-grey colour.
  3539 | D:5      | Reached XP level 7. HP: 59/63 MP: 10/10
  3650 | D:5      | Found Jezo's Antique Weapon Shoppe.
  3806 | D:5      | Bought an embroidered hat for 126 gold pieces
  3944 | D:5      | Reached ** piety under Yredelemnul
  4019 | D:5      | Found Notaehocza's Armour Shop.
  4103 | D:5      | Found Jyisoij's General Store.
  4387 | D:5      | Found Bavex's Distillery.
  4392 | D:5      | Bought a potion of curing for 36 gold pieces
  4618 | D:6      | Reached skill level 2 in Invocations
  4734 | D:6      | Reached XP level 8. HP: 66/73 MP: 11/11
  4822 | D:6      | Reached skill level 3 in Invocations
  4979 | D:6      | Reached skill level 4 in Invocations
  5189 | D:6      | Reached skill level 5 in Invocations
  5338 | D:6      | Reached skill level 6 in Invocations
  5750 | D:7      | Found a staircase to the Ecumenical Temple.
  5830 | D:7      | Reached skill level 7 in Invocations
  5908 | D:7      | Identified the +1 leather armour of Nossacso {rF+}
  5936 | D:7      | Noticed a hornet
  5961 | D:7      | Killed a hornet
  5962 | D:7      | Reached skill level 8 in Invocations
  5962 | D:7      | Reached XP level 9. HP: 56/79 MP: 13/15
  6126 | D:7      | Reached skill level 9 in Invocations
  6689 | D:7      | Found a glowing golden altar of the Shining One.
  6939 | D:8      | Reached skill level 10 in Invocations
  7107 | D:7      | Reached skill level 11 in Invocations
  7470 | D:8      | Found a radiant altar of Vehumet.
  7965 | D:9      | Noticed Grum
  7965 | D:9      | Noticed a gargoyle
  8072 | D:9      | Reached skill level 12 in Invocations
  8075 | D:9      | Killed a gargoyle
  8075 | D:9      | Killed by an exploding wolf... ignited by their inner flame

Illustrated notes

Levels and vault maps discovered:
D:1:      minmay_arrival_stone_box, layout_basic
D:2:      layout_rooms
D:3:      layout_loops_corners, mainiacjoe_overflow_swirl
D:4:      layout_cave_pools, mainiacjoe_overflow_large_starburst,
          mainiacjoe_overflow_24_doors, serial_shops, shop, st_stairs_13,
          minmay_shop_damaged, minmay_liquid_box, nicolae_shop_unique_rings
D:5:      layout_loops_ring, serial_shops, kennysheep_little_box, shop,
          nicolae_square_shop, nicolae_shop_statue_plus, shop_fountains
D:6:      layout_gridville
D:7:      nicolae_cairo_tiling_large, layout_gridville, tso_altar,
          minmay_temple_entry_glassed_door
D:8:      layout_basic, fiery_altar_vehumet
D:9:      layout_gridville, erik_lair_island, uniq_grum

Skill      XL: |  1  2  3  4  5  6  7  8  9 |
---------------+----------------------------+-----
Fighting       | 3 4 5 6 7 |  7.6
Axes           | 4 5 |  5.3
Maces & Flails | 2 3 |  3.2
Invocations    | 2 8 12 | 12.2
Dodging        | |  1.7
Spellcasting   | |  2.0
Conjurations   | |  3.0

Action                   |  1- 3 |  4- 6 |  7- 9 || total
-------------------------+-------+-------+-------++-------
Melee: Hand axe          |   128 |   132 |       ||   260
       Tailslap          |    12 |    18 |    61 ||    91
       Punch             |     1 |       |    11 ||    12
       Demon whip        |       |    22 |   522 ||   544
Throw: Dart              |    12 |    24 |     3 ||    39
Invok: Recall Undead Har |       |     4 |     2 ||     6
       Dark Bargain      |       |       |     4 ||     4
Evoke: Wand              |       |     6 |     9 ||    15
  Use: Scroll            |       |     5 |     4 ||     9
       Potion            |       |       |     4 ||     4
 Stab: Distracted        |       |       |     2 ||     2
Armor: Skin              |    46 |    75 |   309 ||   430
Dodge: Dodged            |   107 |    90 |   313 ||   510

Table legend: (Time is in decaauts)
 A = Elapsed time spent in this place.
 B = Non-inter-level travel time spent in this place.
 C = Inter-level travel time spent in this place.
 D = Time resting spent in this place.
 E = Time spent auto-exploring this place.
 F = Levels seen in this place.
 G = Mean time per level.
                   A        B        C        D        E       F      G
               +--------+--------+--------+--------+--------+-----+--------+
         Total |   8048 |   7653 |    395 |    931 |   5032 |   9 |  894.2 |
       Dungeon |   8048 |   7653 |    395 |    931 |   5032 |   9 |  894.2 |
               +--------+--------+--------+--------+--------+-----+--------+

Top non-repeatable levels by time:
     D:7: 1218 daAuts
     D:6: 1138 daAuts
     D:5: 1115 daAuts
     D:8: 994 daAuts
     D:1: 928 daAuts
     D:3: 882 daAuts
     D:4: 850 daAuts
     D:2: 838 daAuts
     D:9: 80 daAuts
